 Dungeon Crawl Stone Soup version 0.29.1-1-gd02db6906a (webtiles) character file.

Game seed: 7367827182150788116

2145 xian the Poker (level 9, 0/59 (65) HPs)
             Began as a Demonspawn Warper on Sept 19, 2022.
             Was an Initiate of Okawaru.
             Slain by Maggie
             ... wielding a +0 long sword of draining
              (6 damage)
             ... on level 7 of the Dungeon.
             The game lasted 00:16:07 (6901 turns).

xian the Poker (Demonspawn Warper)                  Turns: 6901, Time: 00:16:07

HP:   0/59 (65)     AC:  9    Str: 20    XL:     9   Next: 9%
MP:   14/14         EV: 13    Int: 15    God:    Okawaru [......]
Gold: 322           SH:  0    Dex: 12    Spells: 10/15 levels left

rFire   . . .      SeeInvis .   u - +8 spear of the Dead {freeze, Str+4}
rCold   . . .      Faith    +   (no shield)
rNeg    . . .      Spirit   .   b - +0 leather armour
rPois   .          Reflect  .   (no helmet)
rElec   .          Harm     .   i - +0 cloak
rCorr   .          Rampage  .   (no gloves)
Will    .....                   G - +0 pair of boots
Stlth   +.........              B - amulet of faith
HPRegen 0.19/turn               s - +4 ring of protection
MPRegen 0.14/turn               f - ring of flight

@: flying, mesmerised, drained
A: icemail 1, powered by death 2, condensation shield, demonic touch 1
a: Renounce Religion


You were on level 7 of the Dungeon.
You worshipped Okawaru.
Okawaru was noncommittal.
You visited 2 branches of the dungeon, and saw 8 of its levels.

You collected 322 gold pieces.

Inventory:

Hand Weapons
 u - the +8 spear of the Dead (weapon) {freeze, Str+4}
   (You found it on level 3 of the Dungeon)

   It freezes those it strikes, dealing additional cold damage.
   It can also slow down cold-blooded creatures.
   Str:       It affects your strength (+4).
Missiles
 d - 7 boomerangs of dispersal
 y - a curare-tipped dart
 C - 2 boomerangs
 D - 3 poisoned darts (quivered)
Armour
 b - a +0 leather armour (worn)
 i - a +0 cloak (worn)
 G - a +0 pair of boots (worn)
Jewellery
 e - a ring of willpower
 f - a ring of flight (right hand)
 s - a +4 ring of protection (left hand)
 v - a ring of poison resistance
 B - an amulet of faith (around neck)
Wands
 A - a wand of acid (10)
Scrolls
 c - a scroll of blinking
 g - 2 scrolls of teleportation {unknown}
 h - 2 scrolls of immolation {unknown}
 j - a scroll of torment {unknown}
 l - 4 scrolls of enchant armour {unknown}
 m - 5 scrolls of identify {unknown}
 n - 2 scrolls of poison {unknown}
 q - a scroll of enchant weapon {unknown}
 r - a scroll of silence {unknown}
 I - a scroll of fog {unknown}
Potions
 a - a potion of attraction {unknown}
 k - 5 potions of curing {unknown}
 o - a potion of flight {unknown}
 p - 2 potions of lignification {unknown}
 t - a potion of magic {unknown}
 w - 2 potions of cancellation {unknown}
 x - a potion of might
 z - 2 potions of mutation {unknown}
 E - 2 potions of heal wounds {unknown}
 F - a potion of haste {unknown}
 H - a potion of invisibility {unknown}


   Skills:
 + Level 4.2 Fighting
 - Level 4.0(5.0) Axes
 + Level 4.6(5.3) Polearms
 + Level 1.0 Throwing
 + Level 4.1 Armour
 + Level 4.2 Dodging
 + Level 1.3 Stealth
 + Level 2.9 Shields
 * Level 3.8 Spellcasting
 * Level 4.5 Translocations


You had 10 spell levels left.
You knew the following spells:

 Your Spells              Type           Power      Damage    Failure   Level
a - Blink                 Tloc           32%        N/A       4%          2
b - Gell's Gravitas       Tloc           16%        N/A       10%         3

Your spell library contained the following spells:

 Spells                   Type           Power      Damage    Failure   Level
 Lesser Beckoning         Tloc           16%        N/A       10%         3
 Teleport Other           Tloc           16%        N/A       10%         3
 Manifold Assault         Tloc           16%        N/A       65%         5


Dungeon Overview and Level Annotations

Branches:
Dungeon (7/15)             Temple (1/1) D:6

Altars:
Ashenzari
Cheibriados
Dithmenos
Fedhas
Hepliaklqana
Kikubaaqudgha
Makhleb
Nemelex Xobeh
Okawaru
Qazlal
Ru
Sif Muna
Trog
Uskayaw
Vehumet
Wu Jian
Xom

Annotations:
D:7 Maggie


Innate Abilities, Weirdness & Mutations

A meltable icy envelope protects you from harm. (AC +0)
You regenerate health from kills.
A meltable shield of frost defends you. (SH +0)
Your touch may inflict minor irresistible damage on your foes.


Message History

The gnoll barely misses you.
You hit the gnoll. You freeze the gnoll.
The gnoll is moderately wounded.
Maggie drinks a potion.
Maggie seems to grow stronger.
The gnoll hits you with a +0 flail.
You puncture the gnoll! You freeze the gnoll.
You kill the gnoll!
Okawaru accepts your kill.
Your Throwing skill increases to level 1!
You hit Maggie. You freeze Maggie.
Maggie is lightly wounded.
You block Maggie's attack.
You puncture Maggie! You freeze Maggie.
Maggie is moderately wounded.
Maggie gestures at you while chanting. The bolt of fire hits you!!
Your icy defenses dissipate!
You hit Maggie but do no damage.
Maggie is moderately wounded.
Maggie hits you with a +0 long sword of draining.
You feel drained.
You puncture Maggie! You freeze Maggie.
Maggie is heavily wounded.
Maggie misses you.
You puncture Maggie! You freeze Maggie.
Maggie is severely wounded.
You hit Maggie but do no damage.
Maggie is severely wounded.
Maggie hits you with a +0 long sword of draining!!
You feel drained.
* * * LOW HITPOINT WARNING * * *
You hit Maggie but do no damage.
Maggie is severely wounded.
Maggie closely misses you.
You hit Maggie. You freeze Maggie.
You touch Maggie!
Maggie is almost dead.
Maggie hits you with a +0 long sword of draining!
* * * LOW HITPOINT WARNING * * *
You feel drained.
You die...

#.. #.# #.####.##
#.......# ##......#
#.<....#
.......#######>.....#
.......#............#
.........#####.######
............##@#
........# #.##@#
........###K)..######
........##..........#
.....@.@.g..........#
.......g##..........#
........####....#####
.....K..# #....#
........# #....#


You could see Maggie (mesmerising, strong).

Vanquished Creatures
  A kobold demonologist (D:6)
  Grinder (D:5)
  Edmund (D:4)
  An orc warrior (D:6)
  A sky beast (D:6)
  2 black bears
  A centaur (D:5)
  2 ogres
  A kobold brigand (D:5)
  A bullfrog (D:6)
  A gnoll sergeant (D:6)
  A scorpion (D:5)
  A howler monkey (D:4)
  5 hounds
  4 jellies
  An orc priest (D:5)
  4 iguanas
  An orc wizard (D:5)
  5 gnolls
  9 adders
  An ufetubus (D:5)
  2 worms (D:3)
  7 dart slugs
  14 orcs
  11 ball pythons
  8 endoplasms
  7 giant cockroaches
  7 goblins
  6 hobgoblins
  3 jackals (D:3)
  2 quokkas
  3 bats (D:1)
  4 frilled lizards
  15 kobolds
  9 rats
143 creatures vanquished.

Vanquished Creatures (others)
  A bat (D:1)
1 creature vanquished.

Grand Total: 144 creatures vanquished

Notes
Turn   | Place    | Note
-------+----------+-------------------------------------------
     0 | D:1      | xian the Demonspawn Warper began the quest for the Orb.
     0 | D:1      | Reached XP level 1. HP: 16/16 MP: 3/3
   372 | D:1      | Gained mutation: A meltable shield of frost defends you.
                  | (SH +0) [demonic ancestry]
   372 | D:1      | Reached XP level 2. HP: 17/22 MP: 5/5
   620 | D:1      | Reached skill level 1 in Armour
   953 | D:1      | Found a faded altar of an unknown god.
  1285 | D:1      | Learned a level 2 spell: Blink
  1309 | D:1      | Gained mutation: You regenerate a little health from kills.
                  | [demonic ancestry]
  1309 | D:1      | Reached XP level 3. HP: 27/27 MP: 6/6
  1993 | D:2      | HP: 1/28 [poisoned by an adder]
  2281 | D:2      | Gained mutation: You regenerate health from kills. [demonic
                  | ancestry]
  2281 | D:2      | Reached XP level 4. HP: 29/34 MP: 7/7
  3354 | D:3      | Identified the +8 spear of the Dead {freeze, Str+4}
  3436 | D:3      | Reached XP level 5. HP: 28/39 MP: 8/8
  3872 | D:3      | Noticed an ogre
  3878 | D:3      | Killed an ogre
  4173 | D:4      | Gained mutation: A meltable icy envelope protects you from
                  | harm. (AC +0) [demonic ancestry]
  4173 | D:4      | Reached XP level 6. HP: 41/46 MP: 9/9
  4553 | D:4      | Reached skill level 1 in Polearms
  4553 | D:4      | Reached skill level 1 in Shields
  4562 | D:4      | Noticed Edmund
  4578 | D:4      | Killed Edmund
  4890 | D:4      | Gained mutation: Your touch may inflict minor irresistible
                  | damage on your foes. [demonic ancestry]
  4890 | D:4      | Reached XP level 7. HP: 52/52 MP: 10/10
  5028 | D:4      | Found a shimmering altar of Xom.
  5037 | D:4      | Found a shadowy altar of Dithmenos.
  5160 | D:4      | Learned a level 3 spell: Gell's Gravitas
  5194 | D:5      | Entered Level 5 of the Dungeon
  5503 | D:5      | Found a snail-covered altar of Cheibriados.
  5771 | D:5      | Reached skill level 1 in Stealth
  5838 | D:5      | Reached XP level 8. HP: 58/58 MP: 12/12
  5843 | D:5      | Noticed Grinder
  5844 | D:5      | Paralysed by Grinder for 5 turns
  5856 | D:5      | Killed Grinder
  6126 | D:6      | Noticed a kobold demonologist
  6142 | D:6      | Killed a kobold demonologist
  6162 | D:6      | Found a broken altar of Ashenzari.
  6273 | D:6      | Reached XP level 9. HP: 15/65 MP: 12/14
  6350 | D:6      | Found a staircase to the Ecumenical Temple.
  6361 | Temple   | Entered the Ecumenical Temple
  6366 | Temple   | Became a worshipper of Warmaster Okawaru
  6618 | D:6      | Found a sacrificial altar of Ru.
  6872 | D:7      | Noticed Maggie
  6894 | D:7      | Reached skill level 1 in Throwing
  6901 | D:7      | Slain by Maggie

Illustrated notes

Levels and vault maps discovered:
D:1:      dpeg_arrival_renting, layout_loops_corners,
          shapermc_ecumenical_altar_mp_highgroup
D:2:      layout_basic, serial_bayou_crossing
D:3:      layout_loops_ring, serial_bayou_pond_d, minmay_starry_boxes
D:4:      layout_loops_corners, tso_metal_star, mainiacjoe_overflow_swirl,
          serial_rivers, chequers_serial_rivers_micro_b,
          chequers_serial_rivers_small_a, chequers_serial_rivers_micro_b,
          chequers_serial_rivers_micro_b, chequers_serial_rivers_micro_d,
          uniq_edmund
D:5:      layout_basic, cheibrodos_worm_habitat, uniq_grinder
D:6:      layout_cave_pools, evilmike_ruin_ashenzari, hangedman_ru_absence,
          minmay_temple_entry_glass, minivault_27
D:7:      layout_rooms, hellmonk_guarded_unrand_vitality_bloodlust, uniq_maggie
Temple:   nicolae_temple_ecumenical_triangle

Skill      XL: |  1  2  3  4  5  6  7  8  9 |
---------------+----------------------------+-----
Axes           | 2 3 4 |  4.0
Armour         | 1 2 3 4 |  4.1
Translocations | 3 4 |  4.5
Dodging        | 2 3 4 |  4.2
Fighting       | 3 4 |  4.2
Polearms       | 1 2 4 |  4.6
Shields        | 1 2 |  2.9
Stealth        | 1 |  1.3
Spellcasting   | 3 |  3.8
Throwing       | 1 |  1.0

Action                   |  1- 3 |  4- 6 |  7- 9 || total
-------------------------+-------+-------+-------++-------
Melee: Hand axe          |   157 |    89 |       ||   246
       Punch             |     5 |     5 |       ||    10
       Spear             |       |    71 |   132 ||   203
       Touch             |       |       |    19 ||    19
Throw: Dart              |       |       |     2 ||     2
 Cast: Gell's Gravitas   |       |       |     1 ||     1
       Blink             |       |       |     1 ||     1
 Stab: Sleeping          |       |     1 |       ||     1
Armor: Leather armour    |    57 |    48 |    57 ||   162
Dodge: Dodged            |   128 |    67 |    85 ||   280
Block: Other             |    24 |    21 |    24 ||    69
